 Dungeon Crawl Stone Soup version 0.30-a0-393-g54b8e3be05 (webtiles) character file.

Game seed: 10242762622902778408

1036 ragingrage the Trooper (level 8, 0/61 HPs)
             Began as a Djinni Artificer on Dec 5, 2022.
             Slain by a gnoll
             ... wielding a +0 halberd
              (13 damage)
             ... on level 6 of the Dungeon.
             The game lasted 00:05:04 (4475 turns).

ragingrage the Trooper (Djinni Artificer)           Turns: 4475, Time: 00:05:05

Health: 0/61       AC:  5    Str: 11    XL:     8   Next: 48%
Gold:   198        EV: 12    Int: 14    God:
                   SH:  0    Dex: 15

rFire   + + .      SeeInvis .    s - +1 dagger (freeze)
rCold   x . .      Faith    .    (no shield)
rNeg    . . .      Spirit   .    b - +0 leather armour
rPois   ∞          Reflect  .    p - +0 helmet
rElec   .          Harm     .    (no cloak)
rCorr   .          Rampage  .    t - +0 pair of gloves
Will    .....                    (boots unavailable)
Stlth   +.........               (no amulet)
HPRegen 0.30/turn                (no ring)
MPRegen 0.00/turn                (no ring)

@: flying, very slightly contaminated
A: sickness immunity, fire resistance 2, cold vulnerability 1, float, innate
caster, HP casting, extra vitality 1
a: no special abilities


You were on level 6 of the Dungeon.
You visited 1 branch of the dungeon, and saw 6 of its levels.

You collected 198 gold pieces.

Inventory:

Hand Weapons
 l - a +0 war axe
 o - a +0 falchion
 s - a +1 dagger of freezing (weapon)
Armour
 b - a +0 leather armour (worn)
 p - a +0 helmet (worn)
 t - a +0 pair of gloves (worn)
Wands
 c - a wand of flame (12)
 d - a wand of charming (14)
 e - a wand of iceblast (4)
 v - a wand of paralysis (7)
 y - a wand of digging (7)
Scrolls
 a - a scroll of poison {unknown}
 h - 4 scrolls of amnesia {unknown}
 i - 2 scrolls of magic mapping {unknown}
 k - 7 scrolls of identify {unknown}
 m - 3 scrolls of vulnerability {unknown}
 n - 2 scrolls of summoning {unknown}
 r - 4 scrolls of enchant armour {unknown}
 u - a scroll of fear {unknown}
 x - a scroll of acquirement {unknown}
Potions
 f - 3 potions of curing
 g - a potion of might {unknown}
 j - 2 potions of heal wounds {unknown}
 q - a potion of flight {unknown}
 w - a potion of brilliance {unknown}
 z - 2 potions of lignification {unknown}
 A - a potion of attraction {unknown}


   Skills:
 + Level 5.6 Fighting
 - Level 1.0 Armour
 - Level 2.1 Dodging
 - Level 0.7 Stealth
 * Level 4.5 Spellcasting
 - Level 5.0 Evocations


You had 11 spell levels left.
You knew the following spells:

 Your Spells              Type           Power      Damage    Failure   Level
a - Summon Small Mammal   Summ           64%        N/A       3%          1
b - Searing Ray           Conj           32%        2d5       5%          2
c - Poisonous Vapours     Pois/Air       32%        N/A       5%          2
Your spell library was empty.

Dungeon Overview and Level Annotations

Branches:
Dungeon (6/15)
 Temple: D:4-7

Altars:
Fedhas

Annotations:
D:3 3 runed translucent doors, Chaicat's ghost, amateur MiFi
D:5 1 runed translucent door, Crazy Yiuf


Innate Abilities, Weirdness & Mutations

You are immune to sickness and miasma.
You are immune to poison.
Your flesh is very heat resistant. (rF++)
You are vulnerable to cold. (rC-)
You float through the air rather than walking.
You learn spells naturally, not from books.
Your magical power is your life essence.
You have superior vitality. (+4 MHP)


Message History

You are very lightly contaminated with residual magic.
Nothing appears to happen.
The centaur barely misses you. The centaur completely misses you.
The centaur hits you. The centaur completely misses you.
Aiming: Poisonous Vapours (safe; 5% risk of failure)
Press: ? - help, Q - select action, (/) - cycle Dir - move target, f/p - centaur
Aim: a centaur Poisonous vapours surround the centaur!
The centaur is poisoned.
The centaur hits you but does no damage.
The centaur closely misses you.
The gnoll hits you from afar with a +0 halberd.
Casting: Poisonous Vapours (safe; 5% risk of failure)
Confirm with . or Enter, or press ? or * to list all spells.
Aiming: Searing Ray (safe; 5% risk of failure)
Press: ? - help, Shift-Dir - straight line, f - gnoll, p - centaur
Aim: a gnoll, wielding a +0 halberd (heavily wounded, poisoned, 81% to hit)
The searing ray hits the centaur.
The centaur is moderately wounded.
The searing ray hits the gnoll.
The gnoll is severely wounded. (Press . to maintain the ray.)
The centaur hits you. The centaur kicks you. The centaur hits you.
The centaur kicks you but does no damage.
The gnoll hits you from afar with a +0 halberd!
* * * LOW HITPOINT WARNING * * *
The searing ray hits the centaur.
The centaur is heavily wounded.
The searing ray hits the gnoll.
The gnoll is almost dead.
* * * LOW HITPOINT WARNING * * *
The centaur closely misses you.
The centaur kicks you but does no damage.
The gnoll misses you.
It was a potion of curing.
You feel better. The centaur barely misses you.
The centaur kicks you but does no damage.
The centaur hits you.
* * * LOW HITPOINT WARNING * * *
The centaur barely misses you.
The gnoll hits you from afar with a +0 halberd!
You die...

#.# ..................
#.# ..............c..
###.####.........^.......
#...)............. ...c.
##..####.......... #g..
##..#### ........# #$.
#......+ ........###.#
##.##### ........cg#.#
#.# .......@#.#.### #.#
........#.....# #.#
#######.###.#....# #.#
##.....###.####.#
#.########..........# #
#........'..........#
##########..........#
######....... #........


You could see a centaur (poisoned) and a gnoll (poisoned).

Vanquished Creatures
  Edmund (D:5)
  An ice beast (D:5)
  An orc warrior (D:5)
  A black bear (D:4)
  An ogre (D:5)
  A centaur (D:6)
  Blork the orc (D:5)
  A necrophage (D:5)
  A howler monkey (D:5)
  An orc priest (D:5)
  4 hounds
  An iguana (D:5)
  An orc wizard (D:5)
  5 adders
  A worm (D:4)
  A dart slug (D:3)
  13 orcs
  4 ball pythons (D:2)
  8 endoplasms
  A giant cockroach (D:3)
  4 goblins
  3 hobgoblins
  4 jackals (D:3)
  9 kobolds
  A quokka (D:4)
  3 bats
  3 frilled lizards (D:3)
  4 rats
80 creatures vanquished.

Vanquished Creatures (collateral kills)
  A goblin (D:2)
1 creature vanquished.

Vanquished Creatures (others)
  A hound (D:4)
  5 fungi
  7 plants
13 creatures vanquished.

Grand Total: 94 creatures vanquished

Notes
Turn   | Place    | Note
-------+----------+-------------------------------------------
     0 | D:1      | ragingrage the Djinni Artificer began the quest for the
                  | Orb.
     0 | D:1      | Reached XP level 1. HP: 17/17 MP: 0/0
   194 | D:1      | Reached XP level 2. HP: 22/22 MP: 0/0
   289 | D:1      | Found a faded altar of an unknown god.
   729 | D:2      | Reached XP level 3. HP: 26/28 MP: 0/0
   729 | D:2      | Learned a level 1 spell: Summon Small Mammal
   800 | D:2      | You are sucked into a shaft and drop 2 floors!
   842 | D:4      | Noticed a black bear
   879 | D:4      | Killed a black bear
   880 | D:4      | Reached skill level 1 in Spellcasting
   880 | D:4      | Reached XP level 4. HP: 34/34 MP: 0/0
   880 | D:4      | Reached XP level 5. HP: 40/40 MP: 0/0
   880 | D:4      | Learned a level 2 spell: Searing Ray
  1031 | D:4      | Found a blossoming altar of Fedhas.
  1252 | D:3      | Noticed a kobold brigand
  1254 | D:3      | Found a runed translucent gate.
  1255 | D:3      | Found a runed translucent gate.
  1255 | D:3      | Noticed Chaicat's ghost (amateur MiFi)
  1256 | D:3      | Found a runed translucent gate.
  1859 | D:2      | Reached XP level 6. HP: 39/46 MP: 0/0
  2857 | D:5      | Entered Level 5 of the Dungeon
  3013 | D:5      | Noticed an ice beast
  3034 | D:5      | Killed an ice beast
  3035 | D:5      | Reached skill level 5 in Evocations
  3035 | D:5      | Reached XP level 7. HP: 31/52 MP: 0/0
  3035 | D:5      | Learned a level 2 spell: Poisonous Vapours
  3706 | D:5      | Noticed Edmund
  3722 | D:5      | Killed Edmund
  3723 | D:5      | Reached skill level 5 in Fighting
  3756 | D:5      | Reached XP level 8. HP: 40/59 MP: 0/0
  4107 | D:5      | Noticed Blork the orc
  4116 | D:5      | Killed Blork the orc
  4242 | D:5      | Found a runed translucent door.
  4243 | D:5      | Noticed Crazy Yiuf
  4475 | D:6      | Slain by a gnoll

Illustrated notes

Levels and vault maps discovered:
D:1:      dpeg_arrival_round_c, layout_basic,
          hellmonk_ecumenical_altar_crossroads
D:2:      layout_loops_ring
D:3:      layout_rooms, gammafunk_ghost_nasty_kobolds
D:4:      layout_cave_pools, fedhas_ov_isle_minmay
D:5:      layout_rooms, grunt_ministairs_1, uniq_edmund,
          uniq_crazy_yiuf_cottage, uniq_blork_the_orc
D:6:      layout_basic, temple_doors_cd, lemuel_flamethrower_1, uniq_pikel

Skill      XL: |  1  2  3  4  5  6  7  8 |
---------------+-------------------------+-----
Fighting       | 2 3 4 5 |  5.6
Spellcasting   | 1 2 3 4 |  4.5
Evocations     | 4 5 |  5.0
Armour         | |  1.0
Dodging        | |  2.1
Stealth        | |  0.7

Action                   |  1- 3 |  4- 6 |  7- 9 || total
-------------------------+-------+-------+-------++-------
Melee: Whip              |    23 |       |       ||    23
       Club              |     3 |       |       ||     3
       Dagger            |    66 |    76 |    22 ||   164
       Punch             |       |     1 |       ||     1
 Cast: Summon Small Mamm |     5 |     2 |       ||     7
       Searing Ray       |       |    19 |    12 ||    31
       Poisonous Vapours |       |       |    32 ||    32
Evoke: Wand              |     5 |       |     4 ||     9
  Use: Potion            |       |       |     1 ||     1
 Stab: Paralysed         |       |       |    11 ||    11
Armor: Leather armour    |    43 |    28 |    17 ||    88
Dodge: Dodged            |    48 |    59 |    50 ||   157

Table legend: (Time is in decaauts)
 A = Elapsed time spent in this place.
 B = Non-inter-level travel time spent in this place.
 C = Inter-level travel time spent in this place.
 D = Time resting spent in this place.
 E = Time spent auto-exploring this place.
 F = Levels seen in this place.
 G = Mean time per level.
                   A        B        C        D        E       F      G
               +--------+--------+--------+--------+--------+-----+--------+
         Total |   4480 |   4149 |    331 |   1007 |   2327 |   6 |  746.7 |
       Dungeon |   4480 |   4149 |    331 |   1007 |   2327 |   6 |  746.7 |
               +--------+--------+--------+--------+--------+-----+--------+

Top non-repeatable levels by time:
     D:5: 1249 daAuts
     D:3: 830 daAuts
     D:2: 782 daAuts
     D:4: 744 daAuts
     D:1: 679 daAuts
     D:6: 192 daAuts
